 Dungeon Crawl Stone Soup version 0.23.0 (webtiles) character file.

Game seed: 472580635631758330

8172 MalarOregon the Spear-Bearer (level 11, 0/83 (84) HPs)
             Began as a Merfolk Skald on Feb 17, 2019.
             Was a Believer of Makhleb.
             Killed from afar by Josephine (25 damage)
             ... with a ghostly fireball
             ... on level 11 of the Dungeon.
             The game lasted 00:41:03 (15982 turns).

MalarOregon the Spear-Bearer (Merfolk Skald)       Turns: 15982, Time: 00:41:04

HP:   0/83 (84)     AC: 10    Str: 11    XL:     11   Next: 26%
MP:   15/17         EV: 15    Int: 17    God:    Makhleb [**....]
Gold: 444           SH:  0    Dex: 13    Spells: 5/19 levels left

rFire    . . .     SeeInvis .   Q - +8 demon trident "Rift" {distort, reach+}
rCold    + + .     Gourm    .   (no shield)
rNeg     . . .     Faith    .   U - +1 leather armour {rPois}
rPois    +         Spirit   .   z - +2 helmet
rElec    .         Reflect  .   K - +2 cloak
rCorr    .         Harm     .   (no gloves)
MR       .....                  (no boots)
Stlth    +.........             (no amulet)
HPRegen  1.23/turn              o - ring of protection from cold
MPRegen  0.15/turn              L - ring of protection from cold

@: very slightly contaminated, regenerating (expiring), slowed, heavily drained,
very slow
A: change form in water, swift swim, stealthy swim
a: Minor Destruction, Renounce Religion


You were on level 11 of the Dungeon.
You worshipped Makhleb.
Makhleb was pleased with you.
You were hungry.

You visited 2 branches of the dungeon, and saw 12 of its levels.
You also visited: Bailey.

You collected 744 gold pieces.
You spent 300 gold pieces at shops.

Inventory:

Hand Weapons
 I - a +4 blowgun
   (You took it off a kobold on level 7 of the Dungeon)
 Q - the +8 demon trident "Rift" (weapon) {distort, reach+}
   (You found it on level 10 of the Dungeon)

   It warps and distorts space around it.
   Unwielding it can cause banishment or high damage.
Missiles
 a - 5 throwing nets (quivered) {!f}
 n - 25 poisoned needles
 G - 2 needles of sleeping
Armour
 z - a +2 helmet (worn)
   (You found it on level 9 of the Dungeon)
 K - a +2 cloak (worn)
   (You took it off Maurice on level 8 of the Dungeon)
 U - a +1 leather armour of poison resistance (worn)
   (You found it on level 10 of the Dungeon)
Magical Staves
 N - an uncursed staff of energy {!a}
   (You found it on level 8 of the Dungeon)
 S - an uncursed staff of poison {unknown}
   (You found it on level 10 of the Dungeon)
Jewellery
 o - a ring of protection from cold (left hand)
   (You took it off an orc on level 4 of the Dungeon)
 w - an uncursed amulet of the acrobat {unknown}
   (You found it on level 7 of the Dungeon)
 A - an uncursed ring of fire
   (You found it on level 4 of the Dungeon)
 B - an uncursed amulet of guardian spirit {unknown}
   (You found it on level 7 of the Dungeon)
 L - a ring of protection from cold (right hand)
   (You took it off a kobold on level 8 of the Dungeon)
 M - an uncursed ring of protection from cold
   (You found it on level 10 of the Dungeon)
 P - a cursed ring of teleportation {unknown}
   (You found it on level 10 of the Dungeon)
 T - an uncursed ring of protection from cold
   (You found it on level 10 of the Dungeon)
Wands
 c - a wand of disintegration (18)
   (You found it on level 5 of the Dungeon)
 t - a wand of flame (47)
   (You found it on level 4 of the Dungeon)
 v - a wand of digging (3)
   (You found it on level 7 of the Dungeon)
Scrolls
 b - 2 scrolls of identify {@r1}
 d - 2 scrolls of remove curse {@r2}
 k - 4 scrolls of amnesia
 p - a scroll of immolation {!r}
 s - 4 scrolls of magic mapping
 x - 3 scrolls of blinking
 y - a scroll of fear
 C - 2 scrolls of enchant weapon
 D - 2 scrolls of enchant armour
 E - a scroll of vulnerability {unknown}
 J - a scroll of teleportation {@r4}
Potions
 f - 4 potions of curing {@q1}
 g - 2 potions of cancellation
 h - 5 potions of flight
 i - a potion of invisibility
 j - 2 potions of brilliance
 m - a potion of magic
 q - 3 potions of haste {@q3}
 r - 2 potions of heal wounds {@q2}
 u - 3 potions of resistance
 F - a potion of berserk rage
 H - a potion of mutation {unknown}
 R - a potion of lignification {unknown}
Miscellaneous
 O - a lightning rod (4/4) {!a}
   (You found it on level 10 of the Dungeon)
Comestibles
 e - 23 rations {!d}


   Skills:
 - Level 7.0(5.3) Fighting
 + Level 11.2(9.3) Polearms
 + Level 4.6(3.0) Throwing
 - Level 4.1(2.6) Armour
 - Level 8.0(6.3) Dodging
 + Level 4.6(3.0) Spellcasting
 - Level 2.0(0.6) Hexes
 + Level 5.7(4.1) Charms
 + Level 4.7(3.1) Summonings
 - Level 2.0(0.5) Necromancy
 - Level 5.0(3.4) Ice Magic
 - Level 2.0(0.6) Air Magic
 - Level 2.0(0.6) Evocations


You had 5 spell levels left.
You knew the following spells:

 Your Spells              Type           Power        Failure   Level  Hunger
d - Summon Ice Beast      Ice/Summ       ##......     52%         4    ####...
e - Regeneration          Chrm/Necr      ##........   26%         3    ###....
t - Spectral Weapon       Hex/Chrm       ##......     26%         3    ###....
z - Summon Lightning Spi  Summ/Air       #.......     71%         4    ####...

Your spell library contained the following spells:

 Spells                   Type           Power        Failure   Level  Hunger
 Infusion                 Chrm           ###.         4%          1    None
 Summon Butterflies       Summ           ##......     6%          1    None
 Summon Small Mammal      Summ           ##..         6%          1    None
 Song of Slaying          Chrm           ###.....     6%          2    ##.....
 Call Imp                 Summ           ##......     10%         2    ##.....
 Shroud of Golubria       Chrm/Tloc      #.........   14%         2    ##.....
 Call Canine Familiar     Summ           ##......     19%         3    ###....
 Apportation              Tloc           #.....       22%         1    None
 Summon Guardian Golem    Hex/Summ       #.......     32%         3    ###....
 Tukima's Dance           Hex            #.......     47%         3    ###....
 Lesser Beckoning         Tloc           #.........   56%         3    ###....
 Alistair's Intoxication  Tmut/Pois      #.......     99%         5    ######.
 Invisibility             Hex            #.......     100%        6    #######


Dungeon Overview and Level Annotations

Branches:
Dungeon (11/15)            Temple (1/1) D:7            Lair (0/6) D:11
    Orc: D:9-12

Altars:
Ashenzari
Cheibriados
Dithmenos
Elyvilon
Fedhas
Gozag
Hepliaklqana
Kikubaaqudgha
Makhleb
Nemelex Xobeh
Okawaru
Qazlal
Ru
Sif Muna
Trog
Uskayaw
Vehumet
Wu Jian
Xom
Yredelemnul
Zin
The Shining One

Shops:
D:4 :

Annotations:
D:11 Josephine


Message History

The ghostly fireball engulfs the wraith.
The wraith completely resists.
The ghostly fireball engulfs the wraith.
The wraith completely resists.
You hit Josephine.
Josephine blinks!
The wraith completely misses you. The wraith hits you but does no damage.
You closely miss the wraith. The wraith misses you. x2
You puncture the wraith!
The wraith disappears!
You completely miss Josephine. The wraith closely misses you.
Josephine barely misses you.
You barely miss Josephine. The wraith hits you! The wraith drains your vigour!
You feel as though you will be slow longer.
The wraith hits you. The wraith drains your vigour!
You feel as though you will be slow longer.
Josephine drinks a potion.
Josephine is healed!
The wraith hits you!
* * * LOW HITPOINT WARNING * * *
You hit Josephine.
Josephine blinks!
The wraith barely misses you. Josephine casts a spell at you.
The ghostly flame explodes!
The ghostly fireball engulfs you!!
You feel drained.
* * * LOW HITPOINT WARNING * * *
The ghostly fireball engulfs the wraith.
The wraith completely resists.
The ghostly fireball engulfs the wraith.
The wraith completely resists.
The wraith hits you but does no damage. The wraith closely misses you.
Unknown command.
Blink to where?
You are very lightly contaminated with residual magic.
As you read the scroll of blinking, it crumbles to dust.
Okay, then.
Your skin crawls.
You are feeling hungry.
All of the chunks of flesh in your inventory have rotted away.
Aim: Josephine, wielding a +0 dagger and wearing a +0 robe (moderately wounded)
The glob of acid hits the wraith but does no damage.
The wraith is splashed with acid!
The acid corrodes the wraith!
Aim: Josephine, wielding a +0 dagger and wearing a +0 robe (moderately wounded)
The glob of acid hits the wraith!
The wraith is splashed with acid!
The acid corrodes the wraith!
The wraith is splashed with acid.
The acid corrodes the wraith!
You destroy the wraith!
Makhleb accepts your kill.
Your skin is crawling a little less now.
Aim: Josephine, wielding a +0 dagger and wearing a +0 robe (moderately wounded)
You fail to use your ability.
Josephine casts a spell at you.
The ghostly flame explodes!
The ghostly fireball engulfs you!!
You feel drained.
You die...

....# ....# #.#.# ....###
#.#.# ......# #.#.# ......#
#.#.# ## ##....#### #.#.# .#
##.###.... #.#.# #.#####
.#.###.###########.#.##.......
................@@W.........>
##.###.#.#####.###.#.....##
#.....#[# #.# #.###.###
#######.# #.# #.# #.......#
#.#####.###.# #########
#.##........# #..####...###
##.###.....## #.##....P..#


You could see Josephine and a wraith.

Vanquished Creatures
  A hydra (D:11)
  The ghost of Arum the Shield-Bearer, a novice FoFi (D:6)
  Maurice (D:8)
  2 trolls (D:9)
  2 dream sheep (D:11)
  2 hippogriffs
  A hungry ghost (D:9)
  A wraith (D:11)
  3 yaks (D:11)
  A steam dragon (D:9)
  Edmund (D:6)
  Duvessa (D:4)
  A sky beast (D:9)
  3 ice beasts
  2 black bears
  2 ogres
  A phantom (D:9)
  A necrophage (D:8)
  2 centaurs
  A crocodile (D:11)
  5 big kobolds
  A bullfrog (D:9)
  8 gnoll sergeants
  Dowan (D:4)
  5 scorpions
  3 wights (D:7)
  2 howler monkeys
  4 crimson imps
  2 centaur zombies (D:9)
  A bullfrog zombie (D:11)
  3 jellies
  4 orc priests
  5 hounds
  5 orc wizards
  2 centaur skeletons
  6 gnoll shamans (Bailey)
  Crazy Yiuf (D:5)
  An iguana (D:5)
  A worker ant (D:6)
  A hound zombie (D:6)
  A hound skeleton (D:9)
  A worker ant zombie (D:8)
  12 adders
  24 gnolls
  4 shadow imps (D:4)
  3 oozes
  An adder zombie (D:5)
  2 worms
  4 dart slugs
  3 leopard geckos
  23 orcs
  8 giant cockroaches
  12 goblins
  8 hobgoblins
  5 quokkas
  A ball python (D:2)
  8 bats
  8 frilled lizards
  A jackal skeleton (D:4)
  A jackal zombie (D:5)
  20 kobolds
  2 leopard gecko zombies
  10 rats
253 creatures vanquished.

Vanquished Creatures (others)
  A wraith (D:11)
  A gnoll sergeant (Bailey)
2 creatures vanquished.

Grand Total: 255 creatures vanquished

Notes
Turn   | Place    | Note
-------+----------+-------------------------------------------
     0 | D:1      | MalarOregon the Merfolk Skald began the quest for the Orb.
     0 | D:1      | Reached XP level 1. HP: 16/16 MP: 3/3
    90 | D:1      | Reached XP level 2. HP: 23/23 MP: 5/5
   447 | D:1      | Reached XP level 3. HP: 28/28 MP: 6/6
   902 | D:2      | Reached skill level 4 in Polearms
  1259 | D:2      | Reached XP level 4. HP: 33/35 MP: 7/7
  2522 | D:3      | Reached skill level 5 in Polearms
  2522 | D:3      | Reached XP level 5. HP: 18/42 MP: 8/8
  3234 | D:4      | Found a transporter.
  3413 | D:3      | Reached skill level 5 in Dodging
  3689 | D:3      | Learned a level 3 spell: Regeneration
  3693 | D:3      | Learned a level 3 spell: Spectral Weapon
  4451 | D:4      | Reached XP level 6. HP: 47/48 MP: 9/9
  4495 | D:4      | Found Lehimine's Book Shoppe.
  4517 | D:4      | Noticed Duvessa
  4571 | D:4      | Killed Duvessa
  4571 | D:4      | Reached skill level 6 in Polearms
  4580 | D:4      | Noticed Dowan
  4598 | D:4      | HP: 1/49 [Dowan/shard of ice (16)]
  4973 | D:4      | Found a transporter.
  5697 | D:4      | Found a transporter.
  5795 | D:4      | Killed Dowan
  5989 | D:4      | Reached XP level 7. HP: 55/55 MP: 10/10
  6117 | D:5      | Entered Level 5 of the Dungeon
  6236 | D:4      | Reached skill level 5 in Fighting
  6544 | D:4      | Reached skill level 7 in Polearms
  7491 | D:5      | HP: 2/57 [acid (9)]
  7525 | D:5      | Reached XP level 8. HP: 10/64 MP: 11/11
  8320 | D:5      | Found a runed translucent door.
  8321 | D:5      | Noticed Crazy Yiuf
  8493 | D:5      | Killed Crazy Yiuf
  8493 | D:5      | Reached skill level 8 in Polearms
  8690 | D:6      | Found a large runed translucent door.
  8690 | D:6      | Found a large runed translucent door.
  9071 | D:6      | Noticed Arum's ghost (novice FoFi)
  9098 | D:6      | Reached skill level 1 in Armour
  9098 | D:6      | Reached skill level 1 in Evocations
  9133 | D:6      | Found a radiant altar of Vehumet.
  9137 | D:6      | Noticed Edmund
  9196 | D:6      | Killed Edmund
  9196 | D:6      | Reached skill level 1 in Hexes
  9585 | D:6      | Killed Arum's ghost
  9585 | D:6      | Reached skill level 1 in Necromancy
  9585 | D:6      | Reached XP level 9. HP: 19/71 MP: 10/13
  9946 | D:7      | Found an iron altar of Okawaru.
 10339 | D:7      | Reached skill level 9 in Polearms
 10645 | D:7      | Found a staircase to the Ecumenical Temple.
 10988 | Temple   | Entered the Ecumenical Temple
 11177 | Temple   | Became a worshipper of Makhleb the Destroyer
 11545 | D:4      | Bought a book of Callings for 300 gold pieces
 11550 | D:4      | Learned a level 4 spell: Summon Ice Beast
 11555 | D:4      | Learned a level 4 spell: Summon Lightning Spire
 12666 | D:8      | Reached skill level 1 in Summonings
 12666 | D:8      | Reached skill level 1 in Ice Magic
 12701 | D:8      | Noticed Maurice
 12786 | D:8      | Killed Maurice
 12786 | D:8      | Reached skill level 1 in Throwing
 12786 | D:8      | Reached skill level 5 in Charms
 12786 | D:8      | Reached skill level 1 in Air Magic
 13235 | D:9      | Reached XP level 10. HP: 71/78 MP: 15/15
 13645 | D:9      | Reached * piety under Makhleb
 14151 | D:9      | Reached skill level 10 in Polearms
 14697 | D:10     | Entered Level 10 of the Dungeon
 14750 | D:10     | Found a flagged portal.
 14751 | D:10     | Found the +8 demon trident "Rift" {distort, reach+}
 14764 | Bailey   | Entered a bailey
 14903 | Bailey   | Reached ** piety under Makhleb
 15733 | D:11     | Reached XP level 11. HP: 76/83 MP: 17/17
 15861 | D:11     | Noticed a two-headed hydra
 15869 | D:11     | Killed a two-headed hydra
 15869 | D:11     | Reached skill level 11 in Polearms
 15926 | D:11     | Found a staircase to the Lair.
 15960 | D:11     | Reached skill level 5 in Ice Magic
 15966 | D:11     | Noticed Josephine
 15982 | D:11     | Killed from afar by Josephine

Skill      XL: |  1  2  3  4  5  6  7  8  9 10 11 |
---------------+----------------------------------+-----
Dodging        | 3 4 5 6 7 8 |  8.0
Polearms       | 4 5 6 7 8 9 10 11 | 11.2
Fighting       | 3 4 5 6 7 |  7.0
Armour         | 1 2 3 4 |  4.1
Evocations     | 1 2 |  2.0
Hexes          | 1 2 |  2.0
Charms         | 4 5 |  5.7
Necromancy     | 1 2 |  2.0
Spellcasting   | 3 4 |  4.6
Summonings     | 1 4 |  4.7
Ice Magic      | 2 4 5 |  5.0
Throwing       | 1 4 |  4.6
Air Magic      | 1 2 |  2.0

Action                   |  1- 3 |  4- 6 |  7- 9 | 10-12 || total
-------------------------+-------+-------+-------+-------++-------
Melee: Spear             |   113 |   252 |   597 |       ||   962
       Tailslap          |     1 |       |     1 |     3 ||     5
       Dagger            |       |    60 |   104 |       ||   164
       Halberd           |       |       |    75 |   106 ||   181
       Demon trident     |       |       |       |   161 ||   161
 Cast: Spectral Weapon   |       |       |     1 |     1 ||     2
       Regeneration      |       |       |       |     7 ||     7
Invok: Minor Destruction |       |       |       |     2 ||     2
Evoke: Wand              |       |     6 |     7 |       ||    13
  Use: Scroll            |     1 |    10 |    11 |     2 ||    24
       Potion            |       |     3 |     1 |       ||     4
  Eat: Chunk             |     1 |    11 |    20 |     5 ||    37
       Ration            |       |     1 |     1 |     2 ||     4
Armor: Leather armour    |     7 |       |       |     6 ||    13
       Ring mail         |     4 |    72 |   161 |    51 ||   288
Dodge: Dodged            |    36 |   156 |   359 |   163 ||   714
